Map: Catalyst LE

Players

TRUE

  • Race: Zerg Zerg
  • Spawn Location: 11:00

Bly - Winner!

  • Race: Zerg Zerg
  • Spawn Location: 5:00

Event: WCS Leipzig 2018

VOD

Have the link to the VOD?

Description

Time

  • Played on: Jan. 27, 2018, 5:45 a.m.
  • Length: 9:52

All games in this series

Show
View Real Time Build Order
Export as new Build Order

TRUE Zerg 

Build Orders: Hatch First 

Get SALT Encoding   

  12  0:00  Drone  
  13  0:12  Overlord  
  13  0:17  Drone  
  14  0:32  Drone x2  
  14  0:34  Drone  
  17  0:52  Hatchery  
  17  0:56  Drone  
  17  1:10  Spawning Pool  
  16  1:11  Extractor  
  16  1:14  Drone  
  16  1:17  Drone  
  17  1:22  Drone  
  18  1:47  Overlord  
  18  1:50  Drone  
  19  1:56  Queen  
  21  2:04  Queen  
  23  2:11  Metabolic Boost  
  23  2:13  Drone x4  
  27  2:17  Drone  
  28  2:25  Drone  
  28  2:26  Drone  
  29  2:42  Drone x2  
  27  2:46  Drone  
  27  2:48  Drone  
  28  2:58  Baneling Nest  
  27  3:00  Queen  
  27  3:03  Drone  
  31  3:05  Zergling x2  
  31  3:16  Overlord  
  31  3:18  Drone x3  
  34  3:20  Drone  
  34  3:24  Zergling x2  
  36  3:36  Drone x2  
  36  3:40  Drone x3  
  36  3:41  Drone  
  42  3:46  Drone x2  
  43  3:56  Hatchery  
  43  3:57  Drone  
  43  4:07  Overlord  
  43  4:11  Extractor, Evolution Chamber  
  43  4:12  Drone  
  43  4:13  Roach Warren  
  43  4:14  Drone  
  43  4:15  Drone  
  43  4:20  Overlord  
  43  4:24  Overlord  
  43  4:25  Drone  
  43  4:27  Drone x2  
  43  4:30  Drone  
  47  4:32  Drone  
  47  4:34  Drone  
  47  4:36  Extractor  
  47  4:37  Drone  
  49  4:40  Zerg Missile Weapons Level 1  
  49  4:43  Drone x2  
  52  4:45  Drone  
  52  4:47  Drone  
  52  4:52  Drone x3  
  56  4:55  Unknown  
  56  4:56  Roach  
  56  4:58  Roach  
  60  5:02  Roach x2  
  60  5:06  Roach  
  66  5:10  Roach x2  
  66  5:13  Roach  
  72  5:15  Overlord  
  72  5:23  Overlord  
  72  5:25  Overlord  
  72  5:27  Overlord  
  72  5:29  Overlord  
  72  5:31  Overlord  
  72  5:34  Roach x2  
  76  5:42  Roach x4  
  84  5:44  Roach  
  84  5:49  Roach x2  
  90  5:51  Roach  
  90  5:54  Roach  
  90  5:56  Roach  
  96  5:59  Roach  
  96  6:01  Roach x2  
  99  6:09  Roach  
  84  6:20  Roach x2  
  84  6:21  Roach x3  
  84  6:24  Roach x3  
  93  6:28  Zergling x4  
  93  6:29  Zergling x2  
  90  6:35  Roach  
  90  6:37  Roach  
  88  6:41  Roach  
  88  6:43  Roach  
  88  6:46  Roach  
  88  6:50  Zergling x4  
  88  6:54  Zergling x2  
  84  6:55  Zergling x2  
  84  6:58  Zergling x2  
  84  7:00  Zergling x2  
  85  7:03  Zergling x2  
  85  7:05  Ravager x3  
  85  7:08  Zergling x2  
  89  7:10  Zergling x2  
  89  7:12  Zergling x2  
  89  7:14  Zergling x2  
  87  7:17  Zergling x2  
  87  7:20  Zergling x2  
  84  7:23  Zergling x2  
  84  7:27  Zergling x2  
  84  7:29  Zergling x2  
  66  7:44  Roach  
  66  7:49  Roach  
Show
View Real Time Build Order
Export as new Build Order

Bly Zerg - Winner!

Build Orders: Pool First 

Get SALT Encoding   

  12  0:01  Drone  
  13  0:12  Overlord  
  13  0:16  Drone  
  14  0:31  Drone x2  
  16  0:40  Spawning Pool  
  15  0:44  Drone  
  15  0:49  Drone  
  17  1:09  Hatchery  
  16  1:14  Drone  
  17  1:27  Extractor  
  17  1:28  Zergling x6  
  17  1:32  Queen  
  21  1:41  Overlord  
  21  1:54  Drone  
  21  2:00  Drone  
  23  2:08  Queen  
  23  2:13  Drone  
  26  2:21  Drone  
  28  2:22  Drone  
  28  2:40  Drone x2  
  28  2:42  Drone x3  
  32  2:46  Drone x2  
  33  2:56  Drone  
  33  2:57  Drone  
  34  2:58  Queen  
  34  2:59  Lair  
  36  3:12  Evolution Chamber  
  35  3:13  Roach Warren  
  35  3:16  Drone x2  
  36  3:20  Overlord  
  36  3:23  Evolution Chamber  
  35  3:29  Drone  
  35  3:30  Overlord  
  35  3:32  Overlord  
  35  3:34  Extractor  
  35  3:37  Drone  
  35  3:38  Zerg Missile Weapons Level 1  
  36  3:46  Overlord  
  36  3:47  Drone x2  
  36  3:48  Drone  
  39  3:51  Extractor  
  40  3:55  Drone x3  
  41  4:03  Drone x3  
  41  4:07  Drone  
  45  4:10  Drone x3  
  45  4:14  Drone  
  49  4:20  Glial Reconstitution  
  49  4:25  Overlord  
  49  4:33  Overlord  
  49  4:35  Roach x4  
  57  4:40  Overseer  
  57  4:42  Roach  
  59  4:48  Hatchery  
  58  4:59  Roach x4  
  66  5:02  Overlord  
  66  5:06  Roach  
  66  5:07  Roach  
  70  5:10  Roach  
  70  5:11  Roach  
  74  5:16  Roach  
  74  5:18  Overlord  
  76  5:28  Roach x3  
  82  5:37  Roach  
  82  5:38  Roach x3  
  82  5:41  Zerg Missile Weapons Level 2  
  90  5:43  Overlord  
  90  5:52  Overlord  
  90  5:53  Overlord  
  90  6:00  Roach  
  90  6:01  Roach x3  
  98  6:13  Roach x5  
  94  6:29  Roach x5  
  94  6:30  Roach  
  94  6:42  Roach x6  
  104  6:48  Roach x2  
  102  7:07  Roach x2  
  102  7:08  Roach x3  
  112  7:22  Roach x4  
  116  7:27  Roach x4  
  116  7:38  Roach x3  
  118  7:50  Roach x4  
Tags
 
Add a new tag
Caveats
  • Supply blocks, unpowered buildings, or Contaminate may cause inaccurate times.
  • Supply counts are checked every 10 seconds.